 Dungeon Crawl Stone Soup version 0.22-a0-803-gd6d8abe (webtiles) character file.

495 sking99 the Ruffian (level 7, 0/59 HPs)
             Began as an Ogre Transmuter on July 22, 2018.
             Was a Follower of Hepliaklqana.
             Slain by azzavlup's ghost (7 damage)
             ... on level 4 of the Dungeon.
             The game lasted 00:09:02 (5572 turns).

sking99 the Ruffian (Ogre Transmuter)               Turns: 5572, Time: 00:09:03

Health: 0/59       AC:  3    Str: 15    XL:     7   Next: 15%
Magic:  10/10      EV: 10    Int: 14    God:    Hepliaklqana [*.....]
Gold:   161        SH:  0    Dex: 11    Spells: 4/10 levels left

rFire    . . .     SeeInvis .     - Unarmed
rCold    . . .     Gourm    .   (no shield)
rNeg     . . .     Faith    .   b - +0 robe
rPois    .         Spirit   .   (helmet restricted)
rElec    .         Reflect  .   (no cloak)
rCorr    .         Harm     .   (gloves unavailable)
MR       .....                  (boots unavailable)
Stlth    +.........             (no amulet)
HPRegen  0.19/turn              (no ring)
MPRegen  0.12/turn              (no ring)

@: lethally poisoned (0 -> -3)
A: large, unfitting armour, reduced essence, tough skin 1
a: Recall Ancestor, Ancestor Identity, Renounce Religion


You were on level 4 of the Dungeon.
You worshipped Hepliaklqana.
Hepliaklqana was aware of your devotion.
You were not hungry.

You visited 1 branch of the dungeon, and saw 4 of its levels.

You collected 161 gold pieces.

Inventory:

Missiles
 a - 11 arrows
Armour
 b - a +0 robe (worn)
Jewellery
 e - an uncursed amulet of magic regeneration {unknown}
Wands
 k - a wand of acid (10)
 o - a wand of enslavement (17)
Scrolls
 c - a scroll of immolation {unknown}
 f - 2 scrolls of remove curse
 l - 2 scrolls of enchant weapon {unknown}
 n - 2 scrolls of teleportation {unknown}
 r - a scroll of fear {unknown}
Potions
 g - 4 potions of curing
 h - a potion of might {unknown}
 i - 3 potions of heal wounds
 j - a potion of mutation
 m - 3 potions of lignification
 p - a potion of flight {unknown}
Comestibles
 d - 12 rations


   Skills:
 - Level 2.4 Fighting
 - Level 1.7 Dodging
 + Level 5.8 Unarmed Combat
 - Level 2.4 Spellcasting
 - Level 4.0 Transmutations
 - Level 1.0 Poison Magic


You had 4 spell levels left.
You knew the following spells:

 Your Spells              Type           Power        Failure   Level  Hunger
a - Beastly Appendage     Tmut           ##....       4%          1    #......
b - Sticks to Snakes      Tmut           ##......     7%          2    ###....
c - Spider Form           Tmut/Pois      #.........   24%         3    ###....

Your spell library contained the following spells:

 Spells                   Type           Power        Failure   Level  Hunger
 Blade Hands              Tmut           ##........   77%         5    ######.
 Ice Form                 Ice/Tmut       #.......     69%         4    #####..


Dungeon Overview and Level Annotations

Branches:
Dungeon (4/15)
 Temple: D:4-7

Altars:
Dithmenos
Hepliaklqana
Nemelex Xobeh
Sif Muna
Trog
Yredelemnul
Zin

Annotations:
D:4 azzavlup's ghost, amateur DsAK


Innate Abilities, Weirdness & Mutations

You are too large for most types of armour.
You have tough skin. (AC +1)
Your life essence is reduced to manifest your ancestor. (-10% HP)


Message History

You feel sick.
You feel sick.
Your transformation is almost over.
You feel sick.
You feel sick.
You feel sick.
You feel sick.
You feel sick.
You feel sick.
You feel sick.
You feel sick.
You feel sick.
Your transformation has ended.
Your +0 robe unmelds from your body.
You feel sick. Azzavlup's ghost hits you.
* * * LOW HITPOINT WARNING * * *
You feel sick.
Decima hits azzavlup's ghost but does no damage.
You feel sick. Azzavlup's ghost hits you!
You die...

#.###.....###.....#########
#.# #.#.#.#########
####.###.#.#..#.....#
#...<..#.#....'≈≈≈≈(#
#.##.#.#.###..#.....#
#.##.#.#......#######
#.##............##.###
#...(#.#).......##...#
##....#.#.....@..####.#
#.......#)).RW...# #.#
#................# #.#
#.......##.......# #.#
##(.....########## #.#
#....#.# #.# #.#.##.#
######.# #.#....# #......#
#.###..# #.######


You could see the friendly Decima the ancestor and azzavlup's ghost.

Vanquished Creatures
  A centaur skeleton (D:4)
  An orc priest (D:4)
  3 orc wizards (D:4)
  A bullfrog skeleton (D:4)
  A worker ant (D:4)
  10 adders
  4 worms
  2 dart slugs (D:2)
  4 leopard geckos
  5 orcs
  2 giant cockroaches
  11 goblins
  4 hobgoblins
  3 jackals (D:3)
  2 quokkas
  3 ball pythons
  8 bats
  3 frilled lizards
  4 kobolds
  7 rats
79 creatures vanquished.

Vanquished Creatures (collateral kills)
  A phantom (D:4)
  A bullfrog skeleton (D:4)
  2 orcs (D:4)
  A bat (D:2)
  2 jackals (D:3)
  A kobold (D:2)
  2 quokkas (D:3)
  2 frilled lizards
  A rat (D:4)
13 creatures vanquished.

Grand Total: 92 creatures vanquished

Notes
Turn   | Place    | Note
-------+----------+-------------------------------------------
     0 | D:1      | sking99 the Ogre Transmuter began the quest for the Orb.
     0 | D:1      | Reached XP level 1. HP: 19/19 MP: 3/3
   249 | D:1      | Reached skill level 3 in Unarmed Combat
   458 | D:1      | Reached XP level 2. HP: 25/28 MP: 5/5
   466 | D:1      | Learned a level 2 spell: Sticks to Snakes
  1321 | D:2      | Reached XP level 3. HP: 23/36 MP: 6/6
  1538 | D:2      | Learned a level 3 spell: Spider Form
  1654 | D:2      | Found a basalt altar of Yredelemnul.
  1656 | D:2      | Found a hazy altar of Hepliaklqana.
  1657 | D:2      | Found a deep blue altar of Sif Muna.
  1679 | D:2      | Reached XP level 4. HP: 13/44 MP: 1/7
  2075 | D:2      | Became a worshipper of Hepliaklqana the Forgotten
  2315 | D:2      | Reached skill level 1 in Poison Magic
  2394 | D:2      | Found a glowing silver altar of Zin.
  2801 | D:3      | Found a faded altar of an unknown god.
  3028 | D:3      | Found a sparkling altar of Nemelex Xobeh.
  3051 | D:3      | Reached skill level 4 in Unarmed Combat
  3162 | D:3      | Reached XP level 5. HP: 35/45 MP: 8/8
  3303 | D:3      | Reached * piety under Hepliaklqana
  3835 | D:4      | Found a runed door.
  4053 | D:4      | Noticed azzavlup's ghost (amateur DsAK)
  4143 | D:4      | Reached XP level 6. HP: 40/53 MP: 9/9
  4226 | D:4      | Found a shadowy altar of Dithmenos.
  4519 | D:4      | Noticed a moth of wrath
  4521 | D:4      | Found a bloodstained altar of Trog.
  4644 | D:4      | Reached skill level 5 in Unarmed Combat
  5042 | D:4      | Noticed a phantom
  5086 | D:4      | Killed a phantom
  5086 | D:4      | Reached XP level 7. HP: 38/59 MP: 10/10
  5572 | D:4      | Slain by azzavlup's ghost

Vault maps used:
D:1:      dpeg_arrival_chase, hangedman_decor_lopped, chequers_big_river
D:2:      marbit_many_paths, grunt_temple_overflow_open
D:3:      nicolae_overflow_hidden_temple, chequers_ecumenical_altar_island
D:4:      grunt_dithmenos_smoke_and_mirrors, tgw_trog, first_ration,
          ebering_ghost_reflecting_pool, minmay_misc_feat_tiny

Skill      XL: |  1  2  3  4  5  6 |
---------------+-------------------+-----
Unarmed Combat | 3 4 5 |  5.8
Fighting       | 2 |  2.4
Transmutations | 2 3 4 |  4.0
Poison Magic   | 1 |  1.0
Dodging        | |  1.7
Spellcasting   | |  2.4

Action                   |  1- 3 |  4- 6 |  7- 9 || total
-------------------------+-------+-------+-------++-------
Melee: Unarmed           |   131 |   208 |     6 ||   345
       Headbutt          |     1 |       |       ||     1
       Punch             |     2 |     5 |       ||     7
 Cast: Beastly Appendage |     1 |       |       ||     1
       Sticks to Snakes  |     1 |       |       ||     1
       Spider Form       |     1 |     4 |     2 ||     7
  Use: Scroll            |       |     5 |       ||     5
 Stab: Sleeping          |     1 |       |       ||     1
       Distracted        |       |     1 |       ||     1
  Eat: Chunk             |     3 |    11 |     2 ||    16
Armor: Robe              |    34 |    32 |       ||    66
       Skin              |     2 |     1 |       ||     3
Dodge: Dodged            |    77 |    92 |     2 ||   171

Table legend:
 A = Spawn XP
 B = Non-spawn XP
 C = Spawn XP percentage of total XP
 D = Spawn monster count
 E = Non-spawn monster count
 F = Spawn count percentage of total count
 G = Total turns spent on level
                    A         B        C        D         E        F      G
               +---------+---------+-------+---------+---------+-------+---------
         Total |       0 |     708 |   0.0 |       0 |      92 |   0.0 |  5572
               +---------+---------+-------+---------+---------+-------+---------
           D:1 |       0 |      20 |   0.0 |       0 |      12 |   0.0 |  1211
           D:2 |       0 |     108 |   0.0 |       0 |      30 |   0.0 |  1572
           D:3 |       0 |      59 |   0.0 |       0 |      24 |   0.0 |  1031
           D:4 |       0 |     521 |   0.0 |       0 |      26 |   0.0 |  1758
               +---------+---------+-------+---------+---------+-------+---------
